 Dungeon Crawl Stone Soup version 0.30-a0-956-gcec3b41aec (webtiles) character file.

Game seed: 7112378853204221017

46413 vishdafish the Devastator (level 14, -10/90 HPs)
             Began as a Demonspawn Conjurer on Mar 30, 2023.
             Was a Priest of Vehumet.
             Shot with an arrow by Nessos (12 damage)
             ... on level 5 of the Lair of Beasts.
             The game lasted 00:47:15 (23611 turns).

vishdafish the Devastator (Demonspawn Conjurer)    Turns: 23611, Time: 00:47:18

Health: -10/90     AC: 13    Str:  9    XL:     14   Next: 4%
Magic:  25/33      EV: 17    Int: 24    God:    Vehumet [***...]
Gold:   881        SH:  0    Dex: 11    Spells: 26/43 levels left

rFire   . . .      SeeInvis .    i - staff of conjuration
rCold   . . .      Faith    .    (no shield)
rNeg    . . .      Spirit   .    F - +0 steam dragon scales
rPois   .          Reflect  .    (helmet restricted)
rElec   .          Rampage  .    t - +0 cloak
rCorr   .                        (no gloves)
Will    +....                    (no boots)
Stlth   +                        (no amulet)
HPRegen 0.35/turn                E - +4 ring of protection
MPRegen 0.23/turn                b - +5 ring of evasion

@: confused, lethally poisoned (-10 -> -24), about to teleport, ambrosia-drunk,
attractive
A: antennae 2, rugged brown scales 3, foul stench 1, powered by death 3
a: Renounce Religion


You were on level 5 of the Lair of Beasts.
You worshipped Vehumet.
Vehumet was most pleased with you.
You visited 3 branches of the dungeon, and saw 16 of its levels.
You also visited: Ossuary and Volcano.

You collected 1133 gold pieces.
You spent 252 gold pieces at shops.

Inventory:

Hand Weapons
 d - the +6 rapier of Beogh's Generosity {drain, rPois rC+}
   (You found it on level 9 of the Dungeon)

   rC:        It protects you from cold.
   rPois:     It protects you from poison.
Armour
 a - a +0 robe
 t - a +0 cloak (worn)
 F - +0 steam dragon scales (worn)
Magical Staves
 i - a staff of conjuration (weapon)
Jewellery
 b - a +5 ring of evasion (right hand)
 f - an amulet of guardian spirit
 x - a ring of protection from fire
 z - a ring of willpower
 B - a ring of fire
 E - a +4 ring of protection (left hand)
 I - an amulet of reflection
 N - a ring of positive energy
 P - a +4 ring of slaying
 S - an amulet of faith
Wands
 J - a wand of flame (7)
 L - a wand of polymorph (5)
Scrolls
 e - 4 scrolls of noise
 j - 7 scrolls of enchant weapon
 m - 10 scrolls of poison
 p - a scroll of vulnerability
 u - 2 scrolls of fear
 v - 8 scrolls of magic mapping
 w - a scroll of enchant armour
 y - 3 scrolls of immolation
 D - 3 scrolls of amnesia
 G - a scroll of brand weapon
 H - 3 scrolls of fog
 K - 3 scrolls of torment
 M - a scroll of blinking
 R - a scroll of acquirement {unknown}
 T - a scroll of identify
Potions
 g - 3 potions of mutation
 h - 2 potions of magic
 k - 4 potions of attraction
 l - a potion of berserk rage {unknown}
 n - 2 potions of lignification
 q - 2 potions of flight
 r - a potion of cancellation
 s - 7 potions of degeneration
 C - 4 potions of haste
 Q - a potion of resistance
Miscellaneous
 o - a phantom mirror


   Skills:
 - Level 1.7 Dodging
 - Level 1.7 Stealth
 - Level 15.2 Spellcasting
 - Level 16.7 Conjurations
 + Level 7.8 Earth Magic


You had 26 spell levels left.
You knew the following spells:

 Your Spells              Type           Power      Damage    Failure   Level
a - Magic Dart            Conj           100%       1d8       0%          1
b - Fulminant Prism       Conj/Hex       36%        3d17      1%          4
c - Iskenderun's Mystic   Conj/Tloc      73%        2d15      1%          4
d - Irradiate             Conj/Tmut      36%        3d23      1%          5
e - Stone Arrow           Conj/Erth      100%       3d13      1%          3

Your spell library contained the following spells:

 Spells                   Type           Power      Damage    Failure   Level
 Inner Flame              Hex/Fire       18%        N/A       2%          3
 Searing Ray              Conj           100%       2d8       0%          2
 Sandblast                Erth           100%       2d20      1%          1
 Passwall                 Tmut/Erth      30%        N/A       1%          2
 Dazzling Flash           Conj/Hex       100%       N/A       1%          3
 Frozen Ramparts          Ice            36%        1d6       2%          3
 Sublimation of Blood     Necr           18%        N/A       4%          2
 Wereblood                Tmut           18%        N/A       4%          2
 Leda's Liquefaction      Hex/Erth       18%        N/A       6%          4
 Petrify                  Tmut/Erth      37%        N/A       6%          4
 Call Canine Familiar     Summ           18%        N/A       10%         3
 Portal Projectile        Hex/Tloc       36%        N/A       10%         3
 Ice Form                 Ice/Tmut       18%        N/A       30%         4
 Passage of Golubria      Tloc           18%        N/A       30%         4
 Summon Ice Beast         Ice/Summ       18%        N/A       30%         4
 Lehudib's Crystal Spear  Conj/Erth      43%        10d10     32%         8
 Agony                    Necr           18%        N/A       65%         5
 Silence                  Hex/Air        9%         N/A       65%         5
 Summon Hydra             Summ           9%         N/A       100%        7


Dungeon Overview and Level Annotations

Branches:
Dungeon (10/15)            Temple (1/1) D:4            Lair (5/5) D:8
 Shoals (0/4) Lair:2        Snake (0/4) Lair:2      Ossuary (visited)
Volcano (visited)
  Slime: Lair:4-5       Orc: D:9-12

Altars:
Ashenzari
Cheibriados
Dithmenos
Fedhas
Gozag
Hepliaklqana
Kikubaaqudgha
Makhleb
Nemelex Xobeh
Okawaru
Qazlal
Ru
Sif Muna
Trog
Uskayaw
Vehumet
Wu Jian
Xom
Yredelemnul

Shops:
D:3 [:(   D:8 =

Portals:
Trove: D:10 (give +3 shadow dragon scales)

Annotations:
Lair:5 Nessos


Innate Abilities, Weirdness & Mutations

You have a pair of antennae on your head.
You are completely covered in rugged brown scales. (AC +3, +7% HP)
You may rarely emit foul miasma when damaged in melee.
You regenerate a lot of health from kills.


Message History

You are too injured to fight recklessly!
Unknown command.
You feel much better.
You feel very sick.
Nessos mumbles some strange words.
Nessos blinks!
Nessos intently looks at you, slowly moving their tail.
Nessos shoots an arrow.
The arrow hits you! The arrow burns you!
Nessos shoots an arrow.
The arrow hits you!
* * * LOW HITPOINT WARNING * * *
The arrow burns you!
You are lethally poisoned!
* * * LOW HITPOINT WARNING * * *
Nessos is attracted toward you.
As you read the scroll of fear, it crumbles to dust.
You assume a fearsome visage.
Nessos looks frightened!
* * * LOW HITPOINT WARNING * * *
You feel extremely sick.
Nessos begs for mercy.
Nessos gestures wildly while chanting.
Nessos blinks!
Nessos gestures wildly while chanting.
Nessos blinks!
Nessos is attracted toward you.
Okay, then.
As you read the scroll of teleportation, it crumbles to dust.
You feel strangely unstable.
* * * LOW HITPOINT WARNING * * *
You feel very sick.
Nessos casts a spell.
Nessos blinks!
Nessos gestures wildly while chanting.
Nessos blinks!
Nessos is attracted toward you.
You are confused.
You feel invigorated.
* * * LOW HITPOINT WARNING * * *
You feel very sick.
Cornered, Nessos turns to fight!
Nessos casts a spell.
Nessos blinks!
Nessos shoots an arrow.
The arrow hits you!
You die...

..........[.....###...........#..
.÷....#........#.#.#.............
................##..c............
.....÷÷##......###.............##
........#.##...#..............##
........###.#..................#
.......## ####....§..........###
........#### #..........
........##.####P@.......
.......##....###.#.§....
.......##....##.## ...§.
.....P###......####..... ...#.##
##..........###. .P#.##
##......#..# ##### ##...........
#........... ###..........


You could see Nessos (fast, empowered).

Vanquished Creatures
  A fire dragon (Volcano)
  A centaur warrior (D:9)
  A catoblepas (Lair:5)
  14 death yaks
  3 two-headed ogres
  2 tengu warriors (D:9)
  A death knight (D:9)
  4 sun demons (Volcano)
  An ugly thing (D:9)
  A salamander (Lair:2)
  3 black mambas
  16 elephants
  6 cane toads
  2 smoke demons (Volcano)
  Maggie (Lair:2)
  3 unseen horror zombies (D:9)
  An unseen horror (shapeshifter) (D:9)
  5 rime drakes
  8 komodo dragons
  Prince Ribbit (D:5)
  2 hornets
  13 blink frogs
  A snapping turtle (Lair:2)
  16 yaks
  6 spriggans
  2 wyverns
  Eustachio (D:5)
  3 basilisks
  A wraith (D:9)
  3 fire bats (Lair:1)
  A vampire mosquito (D:9)
  10 steam dragons
  Edmund (D:4)
  Menkaure (Ossuary)
  12 water moccasins
  4 hell hounds (Volcano)
  2 orc warriors (D:9)
  A sky beast (D:6)
  3 ice beasts
  7 black bears
  A boggart (Lair:5)
  An ogre (D:4)
  4 centaurs
  14 wolves
  A phantom (D:7)
  2 kobold brigands
  Blork the orc (D:5)
  6 bullfrogs
  A scorpion (D:6)
  A gnoll sergeant (D:5)
  A wyvern zombie (D:9)
  A wight (D:9)
  4 killer bees (D:8)
  A howler monkey (D:4)
  5 electric eels
  2 centaur zombies (D:9)
  5 lava snakes
  3 hounds
  6 orc priests
  A gnoll bouda (D:8)
  2 jellies (D:5)
  Crazy Yiuf (D:5)
  A sleepcap (D:5)
  4 iguanas
  11 orc wizards
  9 hell rats
  4 mummies
  A howler monkey zombie (D:9)
  8 adders
  6 gnolls
  A shadow imp (D:7)
  2 white imps
  An ufetubus (D:5)
  A worm (D:4)
  A dart slug (D:1)
  30 orcs
  7 endoplasms
  5 giant cockroaches
  4 gnoll zombies (Ossuary)
  A goblin (D:1)
  9 hobgoblins
  3 jackals (D:3)
  3 quokkas
  12 ball pythons
  3 bats
  3 frilled lizards
  6 gnoll skeletons (Ossuary)
  6 goblin skeletons (Ossuary)
  A goblin zombie (Ossuary)
  3 hobgoblin skeletons (Ossuary)
  5 hobgoblin zombies
  13 kobolds
  4 kobold skeletons (Ossuary)
  9 kobold zombies
  4 orc skeletons (Ossuary)
  3 orc zombies (Ossuary)
  4 rats
  2 rat skeletons (Ossuary)
  5 rat zombies (Ossuary)
424 creatures vanquished.

Vanquished Creatures (others)
  47 fulminant prisms
  22 fungi
  20 plants
  4 withered plants (D:9)
93 creatures vanquished.

Grand Total: 517 creatures vanquished

Notes
Turn   | Place    | Note
-------+----------+-------------------------------------------
     0 | D:1      | vishdafish the Demonspawn Conjurer began the quest for the
                  | Orb.
     0 | D:1      | Reached XP level 1. HP: 13/13 MP: 3/3
   220 | D:1      | Gained mutation: You have a pair of small antennae on your
                  | head. [demonic ancestry]
   220 | D:1      | Reached XP level 2. HP: 19/19 MP: 3/5
   429 | D:1      | Found a faded altar of an unknown god.
   824 | D:2      | Reached XP level 3. HP: 24/24 MP: 1/7
  2019 | D:3      | Found Ruodop's Antique Weapon Shoppe.
  2051 | D:3      | Found Esiesadgh's Book Emporium.
  2152 | D:3      | Reached XP level 4. HP: 30/30 MP: 5/8
  2530 | D:3      | Found Seskiewi's Antique Armour Emporium.
  2626 | D:4      | Reached skill level 5 in Conjurations
  2835 | D:4      | Gained mutation: You regenerate a little health from kills.
                  | [demonic ancestry]
  2835 | D:4      | Reached XP level 5. HP: 35/35 MP: 2/10
  3132 | D:4      | Found a staircase to the Ecumenical Temple.
  3148 | D:4      | Noticed Edmund
  3168 | D:4      | Learned a level 4 spell: Fulminant Prism
  3173 | D:4      | Learned a level 4 spell: Iskenderun's Mystic Blast
  3177 | D:5      | Entered Level 5 of the Dungeon
  3178 | D:5      | Noticed Prince Ribbit
  3248 | D:5      | Noticed a black bear
  3256 | D:5      | Killed a black bear
  3272 | D:5      | Gained mutation: You regenerate health from kills. [demonic
                  | ancestry]
  3272 | D:5      | Reached XP level 6. HP: 16/41 MP: 0/12
  3287 | D:5      | Reached skill level 6 in Conjurations
  3498 | D:5      | Found a sand-covered staircase.
  3535 | Ossuary  | Entered an ossuary
  4877 | Ossuary  | Noticed Menkaure
  4885 | Ossuary  | Killed Menkaure
  4886 | Ossuary  | Reached skill level 5 in Spellcasting
  4886 | Ossuary  | Gained mutation: You may rarely emit foul miasma when
                  | damaged in melee. [demonic ancestry]
  4886 | Ossuary  | Reached XP level 7. HP: 46/46 MP: 3/14
  5167 | D:5      | Reached skill level 7 in Conjurations
  5441 | D:5      | Killed Prince Ribbit
  5702 | D:5      | Gained mutation: You are partially covered in rugged brown
                  | scales. (AC +1, +3% HP) [demonic ancestry]
  5702 | D:5      | Reached XP level 8. HP: 36/53 MP: 4/17
  5860 | D:5      | Reached skill level 8 in Conjurations
  6169 | D:5      | Noticed Eustachio
  6176 | D:5      | Killed Eustachio
  6559 | D:5      | Found a runed translucent door.
  6560 | D:5      | Noticed Crazy Yiuf
  6741 | D:5      | Noticed Blork the orc
  6752 | D:5      | Killed Blork the orc
  6960 | D:5      | Killed Crazy Yiuf
  7120 | D:4      | Killed Edmund
  7121 | D:4      | Reached skill level 9 in Conjurations
  7167 | Temple   | Entered the Ecumenical Temple
  8002 | D:4      | Reached XP level 9. HP: 56/58 MP: 4/20
  9162 | D:6      | Reached skill level 10 in Conjurations
 11014 | D:8      | Found a staircase to the Lair.
 11019 | D:8      | Paralysed by a hornet for 2 turns
 11024 | D:8      | Reached skill level 11 in Conjurations
 11024 | D:8      | Gained mutation: You have a pair of antennae on your head.
                  | [demonic ancestry]
 11024 | D:8      | Reached XP level 10. HP: 53/64 MP: 9/23
 11367 | D:8      | Found a bloodstained altar of Trog.
 11742 | D:8      | Found Weecachoagi's Jewellery Shop.
 12096 | D:9      | Reached skill level 10 in Spellcasting
 12753 | D:9      | Noticed a two-headed ogre
 12762 | D:9      | Killed a two-headed ogre
 12763 | D:9      | Reached skill level 12 in Conjurations
 12948 | D:9      | Noticed a tengu warrior
 12952 | D:9      | Noticed a death knight
 12955 | D:9      | Noticed a centaur warrior
 12956 | D:9      | Killed a tengu warrior
 13328 | D:9      | Noticed a centaur warrior
 13339 | D:9      | Killed a centaur warrior
 13340 | D:9      | Gained mutation: You are mostly covered in rugged brown
                  | scales. (AC +2, +5% HP) [demonic ancestry]
 13340 | D:9      | Reached XP level 11. HP: 7/71 MP: 12/26
 13621 | D:9      | Noticed a green ugly thing
 13633 | D:9      | Killed a green ugly thing
 13768 | D:9      | Killed a death knight
 13769 | D:9      | Reached skill level 13 in Conjurations
 14006 | D:9      | Noticed a tengu warrior
 14010 | D:9      | Killed a tengu warrior
 14146 | D:9      | Identified the +6 rapier of Beogh's Generosity {drain,
                  | rPois rC+}
 14190 | D:10     | Entered Level 10 of the Dungeon
 14370 | D:10     | Noticed a two-headed ogre
 14379 | D:10     | Killed a two-headed ogre
 14804 | D:10     | Noticed a two-headed ogre
 14842 | D:10     | Killed a two-headed ogre
 15185 | D:10     | Found an iron altar of Okawaru.
 15255 | D:10     | Found a radiant altar of Vehumet.
 15255 | D:10     | Found a hazy altar of Hepliaklqana.
 15441 | D:10     | Found a portal to a secret trove of treasure.
 15502 | D:10     | Became a worshipper of Vehumet
 15727 | Lair:1   | Entered Level 1 of the Lair of Beasts
 15936 | Lair:1   | Learned a level 5 spell: Irradiate
 15938 | Lair:1   | Found a dark tunnel.
 15951 | Volcano  | Entered a volcano
 16032 | Volcano  | Reached skill level 14 in Conjurations
 16050 | Volcano  | Noticed a sun demon
 16063 | Volcano  | Noticed a sun demon
 16084 | Volcano  | Killed a sun demon
 16088 | Volcano  | Killed a sun demon
 16089 | Volcano  | Gained mutation: You are completely covered in rugged brown
                  | scales. (AC +3, +7% HP) [demonic ancestry]
 16089 | Volcano  | Reached XP level 12. HP: 16/79 MP: 0/28
 16105 | Volcano  | HP: 4/118 [hell hound (4)]
 16490 | Volcano  | Noticed a fire dragon
 16501 | Volcano  | Killed a fire dragon
 17263 | Lair:1   | Reached * piety under Vehumet
 17263 | Lair:1   | Offered knowledge of Freeze by Vehumet.
 17317 | Lair:1   | Identified the +5 hand axe "Haroudwy" {flame, Fragile rC++
                  | rN+++ rCorr}
 17633 | D:3      | Bought a book of Geomancy for 252 gold pieces
 17637 | D:3      | Learned a level 3 spell: Stone Arrow
 17808 | Lair:2   | Reached skill level 15 in Conjurations
 18001 | Lair:2   | Noticed Maggie
 18007 | Lair:2   | Killed Maggie
 18549 | Lair:2   | Found a staircase to the Snake Pit.
 18903 | Lair:2   | Found a staircase to the Shoals.
 19667 | Lair:3   | Noticed a death yak
 19675 | Lair:3   | Killed a death yak
 20026 | Lair:3   | Offered knowledge of Kiss of Death by Vehumet.
 20028 | Lair:3   | Reached skill level 16 in Conjurations
 20029 | Lair:3   | Reached ** piety under Vehumet
 20030 | Lair:3   | Gained mutation: You regenerate a lot of health from kills.
                  | [demonic ancestry]
 20030 | Lair:3   | Reached XP level 13. HP: 80/84 MP: 5/31
 21437 | Lair:4   | Reached skill level 15 in Spellcasting
 21679 | Lair:4   | Found a hazy altar of Hepliaklqana.
 22295 | Lair:5   | Entered Level 5 of the Lair of Beasts
 22304 | Lair:5   | Reached skill level 1 in Earth Magic
 22441 | Lair:5   | Offered knowledge of Kindle Blastsparks by Vehumet.
 22443 | Lair:5   | Reached skill level 5 in Earth Magic
 22826 | Lair:5   | Reached *** piety under Vehumet
 23233 | Lair:5   | Reached XP level 14. HP: 90/90 MP: 16/33
 23320 | Lair:4   | Offered knowledge of Inner Flame by Vehumet.
 23600 | Lair:5   | Noticed Nessos
 23610 | Lair:5   | HP: 2/90 [poisoned by Nessos]
 23611 | Lair:5   | Shot with an arrow by Nessos

Illustrated notes

Levels and vault maps discovered:
D:1:      dpeg_arrival_long_road, layout_rooms,
          chequers_ecumenical_altar_simple_redux, minmay_misc_feat_plants,
          roderic_three_in_a_row, minmay_tetromino_t4
D:2:      layout_basic, serial_corexii_hall, chequers_hall_statues_y,
          chequers_hall_statues_wall_a, corexii_hall_statues_l
D:3:      layout_basic, mainiacjoe_overflow_24_doors, serial_shops,
          shop_fountains, shop, shop, hangedman_decor_points
D:4:      layout_loops_ring, temple_pool_b, serial_aquarium,
          aquarium_bridge_square [aquarium_subvault_bridge,
          aquarium_subvault_bridge, aquarium_subvault_bridge,
          aquarium_subvault_bridge], aquarium_window_1, aquarium_window_2,
          aquarium_window_3, aquarium_window_fake, aquarium_view_2c,
          aquarium_balcony_1b, uniq_edmund
D:5:      layout_loops_corners, nicolae_ossuary_entry_giza, uniq_prince_ribbit1,
          uniq_crazy_yiuf_cottage, uniq_eustachio, uniq_blork_the_orc
D:6:      layout_basic
D:7:      layout_gridville, serial_glass, glass_columns_c, glass_columns_a
D:8:      layout_basic, mainiacjoe_overflow_six_doors_small,
          mainiacjoe_overflow_alcove_2, dpeg_oklobed_lair, serial_shops,
          nicolae_shop_hallway_stairs, roderic_roman_lattice,
          hangedman_decor_push
D:9:      layout_irregular_city, serial_undead, serial_undead_d,
          serial_undead_b, serial_undead_c, serial_undead_b, minmay_evil_grid
D:10:     layout_irregular_city, okawaru_trees_1,
          nicolae_overflow_two_pavilions, enter_trove_6,
          kennysheep_decorative_pillar
Temple:   minmay_temple_bridge_d
Lair:1:   layout_roguey, portal_ice_cave_rime, nicolae_volcano_entry_batcave,
          nicolae_lair_liquid_snakes, grunt_megastairs_3
Lair:2:   layout_hall_layers, minmay_shoals_entry_hut,
          nicolae_snake_entry_warm_welcome, serial_bayou_shore_a, uniq_maggie
Lair:3:   layout_chaotic_city, grunt_forest_large_clearing_hut,
          serial_bayou_shore_b, grunt_megastairs_4
Lair:4:   layout_gridlike, basic_altar, serial_bayou_shore_b
Lair:5:   minmay_lair_end_enchanted_forest, layout_cave_pods,
          dpeg_slime_entry_corner, st_stairs_13, uniq_nessos

Skill      XL: |  1  2  3  4  5  6  7  8  9 10 11 12 13 |
---------------+----------------------------------------+-----
Spellcasting   | 3 4 5 6 7 9 11 12 14 15 | 15.2
Conjurations   | 5 6 7 9 11 12 14 16 | 16.7
Earth Magic    | 7 |  7.8
Dodging        | |  1.7
Stealth        | |  1.7

Action                     |  1- 3 |  4- 6 |  7- 9 | 10-12 | 13-15 || total
---------------------------+-------+-------+-------+-------+-------++-------
  Melee: Unarmed           |     3 |       |       |       |       ||     3
         Staff             |       |     3 |     2 |     9 |     7 ||    21
         Punch             |       |     1 |       |       |     1 ||     2
         Mace              |       |     7 |       |       |       ||     7
         Dagger            |       |     5 |       |       |       ||     5
         Rapier            |       |       |       |    19 |    42 ||    61
   Cast: Magic Dart        |    74 |   222 |   291 |   160 |       ||   747
         Iskenderun's Myst |       |     1 |    39 |    93 |    62 ||   195
         Fulminant Prism   |       |     1 |     6 |    39 |     1 ||    47
         Stone Arrow       |       |       |       |    86 |   126 ||   212
  Evoke: Phantom mirror    |       |       |       |       |     1 ||     1
    Use: Scroll            |       |    10 |     4 |    16 |     5 ||    35
         Potion            |       |     2 |     1 |    14 |     7 ||    24
 Armour: Robe              |       |     4 |     7 |       |       ||    11
         Steam dragon scal |       |       |     3 |    44 |    67 ||   114
         Skin              |       |       |       |    94 |     5 ||    99
  Dodge: Dodged            |     4 |    21 |    65 |   117 |   171 ||   378

Table legend: (Time is in decaauts)
 A = Elapsed time spent in this place.
 B = Non-inter-level travel time spent in this place.
 C = Inter-level travel time spent in this place.
 D = Time resting spent in this place.
 E = Time spent auto-exploring this place.
 F = Levels seen in this place.
 G = Mean time per level.
                   A        B        C        D        E       F      G
               +--------+--------+--------+--------+--------+-----+--------+
         Total |  23639 |  22523 |   1116 |    143 |  19395 |  18 | 1313.3 |
       Dungeon |  14115 |  13220 |    895 |     23 |  11721 |  10 | 1411.5 |
        Temple |    314 |    305 |      9 |      0 |    296 |   1 |  314.0 |
          Lair |   6935 |   6723 |    212 |    120 |   5574 |   5 | 1387.0 |
       Ossuary |   1575 |   1575 |      0 |      0 |   1283 |   1 | 1575.0 |
       Volcano |    698 |    698 |      0 |      0 |    520 |   1 |  698.0 |
               +--------+--------+--------+--------+--------+-----+--------+

Top non-repeatable levels by time:
     D:5: 2367 daAuts
     D:9: 2277 daAuts
  Lair:2: 1966 daAuts
 Ossuary: 1575 daAuts
    D:10: 1491 daAuts
  Lair:3: 1447 daAuts
     D:6: 1424 daAuts
     D:4: 1406 daAuts
  Lair:4: 1357 daAuts
     D:7: 1268 daAuts
     D:8: 1242 daAuts
  Lair:1: 1090 daAuts
  Lair:5: 1073 daAuts
     D:2: 1036 daAuts
     D:1: 816 daAuts
